 Dungeon Crawl Stone Soup version 0.30-b1-2-g02819fbbbe (webtiles) character file.

Game seed: 13210727137894956156

9 Alarkh the Shooter (level 2, 22/22 HPs)
             Began as a Demonspawn Hunter on July 7, 2023.
             Got out of the dungeon alive.
             The game lasted 00:00:22 (155 turns).

Alarkh the Shooter (Demonspawn Hunter)               Turns: 155, Time: 00:00:22

Health: 22/22      AC:  5    Str: 11    XL:     2   Next: 6%
Magic:  2/2        EV: 11    Int: 10    God:
Gold:   0          SH:  0    Dex: 16    Spells: 1/1 levels left

rFire   . . .        a - +0 shortbow
rCold   . . .        (shield currently unavailable)
rNeg    . . .        c - +0 leather armour
rPois   .            (no helmet)
rElec   .            (no cloak)
rCorr   .            (no gloves)
SInv    .            (no boots)
Will    .....        (no amulet)
Stlth   +            (no ring)
HPRegen 0.23/turn    (no ring)
MPRegen 0.08/turn

%: no passive effects
@: no status effects
A: thin metallic scales 1
a: no special abilities


You escaped.
You visited 1 branch of the dungeon, and saw 1 of its levels.

Inventory:

Hand Weapons
 a - a +0 shortbow (weapon)
Armour
 c - a +0 leather armour (worn)
Scrolls
 b - a scroll of immolation
 d - a scroll of fog {unknown}
 e - 3 scrolls of amnesia {unknown}


   Skills:
 - Level 2.0 Fighting
 + Level 4.1 Ranged Weapons
 - Level 1.7 Dodging
 - Level 0.8 Stealth


You had one spell level left.
You didn't know any spells.
Your spell library was empty.

Dungeon Overview and Level Annotations

Branches:
Dungeon (1/15)

Altars:


Innate Abilities, Weirdness & Mutations

You are partially covered in thin metallic scales. (AC +2)


Message History

No target in view!
A jackal comes into view.
The jackal barks!
A jackal is nearby!
A jackal is nearby!
You shoot an arrow. The arrow hits the jackal!
You kill the jackal!
A jackal comes into view.
Your Ranged Weapons skill increases to level 4!
You shoot an arrow. The jackal barks!
The arrow hits the jackal.
The jackal is severely wounded.
A jackal comes into view.
You shoot an arrow. The jackal barks!
The arrow hits the jackal!
You kill the jackal!
You have reached level 2!
Your demonic ancestry asserts itself...
Thin metallic scales grow over part of your body.
A jackal is nearby!
You shoot an arrow. The arrow barely misses the jackal.
No target in view!
No target in view!
A jackal is nearby!
You shoot an arrow. The arrow closely misses the jackal.
The jackal bites you but does no damage.
You shoot an arrow. The arrow misses the jackal.
The jackal closely misses you. The jackal completely misses you.
You shoot an arrow. The arrow hits the jackal.
You kill the jackal!
No target in view!
No target in view!
Unknown command.
There is an open door here.
You see here a hobgoblin corpse.
There is a staircase leading out of the dungeon here.
Are you sure you want to leave the Dungeon?
This will make you lose the game!
You have escaped!

#...# #...# #...#
#####.†.###
......#...# ####
......###.#
##########..#
......#
#.####..........~#
......#
#...............~#
......#
#####...@#.....~~#
......#
#....##...~~≈≈#
#'#####
#.......~~≈≈≈≈#
#.#
#.....~~~≈≈≈≈≈#
#.###
#....~~≈≈≈≈≈≈≈#
#...#
##..~≈≈≈≈≈≈≈≈≈#
###.#
#..~≈≈≈≈≈≈≈≈≈# #.#
#.~~~≈≈≈≈≈≈≈≈#
###.#
#.~≈≈≈≈≈≈≈≈≈≈#


There were no monsters in sight!

Vanquished Creatures
  2 endoplasms (D:1)
  A hobgoblin (D:1)
  3 jackals (D:1)
  A frilled lizard (D:1)
  A rat (D:1)
8 creatures vanquished.

Notes
Turn   | Place    | Note
-------+----------+-------------------------------------------
     0 | D:1      | Alarkh the Demonspawn Hunter began the quest for the Orb.
     0 | D:1      | Reached XP level 1. HP: 16/16 MP: 1/1
    97 | D:1      | Reached skill level 4 in Ranged Weapons
    99 | D:1      | Gained mutation: You are partially covered in thin metallic
                  | scales. (AC +2) [demonic ancestry]
    99 | D:1      | Reached XP level 2. HP: 22/22 MP: 2/2
   155 | D:$      | Got out of the dungeon alive.

Illustrated notes

Levels and vault maps discovered:
D:1:      dpeg_arrival_water_altar, layout_basic, serial_shops,
          nicolae_shop_statue_plus

Skill      XL: |  1 |
---------------+----+-----
Ranged Weapons | 4 |  4.1
Fighting       | |  2.0
Dodging        | |  1.7
Stealth        | |  0.8

Action                     || total
---------------------------++-------
   Fire: Shortbow          ||    16
 Armour: Leather armour    ||     1
  Dodge: Dodged            ||     2
